 Dungeon Crawl Stone Soup version 0.20-a0-754-g13ddd6e (webtiles) character file.

565 esteth the Poker (level 7, 0/50 HPs)
             Began as a Merfolk Skald on Feb 25, 2017.
             Succumbed to a scorpion's poison
             ... on level 4 of the Dungeon.
             The game lasted 00:12:25 (4328 turns).

esteth the Poker (Merfolk Skald)                    Turns: 4328, Time: 00:12:26

Health: 0/50       AC:  5    Str: 12    XL:     7   Next: 32%
Magic:  10/10      EV: 12    Int: 12    God:
Gold:   175        SH:  5    Dex: 15    Spells: 2/10 levels left

rFire    . . .     SeeInvis .   a - +1 spear
rCold    . . .     Gourm    .   b - +2 leather armour
rNeg     . . .     Faith    .   f - +0 buckler
rPois    .         Spirit   .   e - +0 hat
rElec    .         Reflect  .   (no cloak)
rCorr    .         Harm     .   (no gloves)
MR       +....                  (no boots)
Stlth    +.........             (no amulet)
Regen    0.2/turn               n - ring of wizardry
MPRegen  0.2/turn               k - ring of protection from magic

@: lethally poisoned (0 -> -13)
A: change form in water, swift swim, stealthy swim
a: no special abilities


You were on level 4 of the Dungeon.
You were not hungry.

You visited 1 branch of the dungeon, and saw 4 of its levels.

You collected 175 gold pieces.

Inventory:

Hand Weapons
 a - a +1 spear (weapon)
Armour
 b - a +2 leather armour (worn)
 e - a +0 hat (worn)
 f - a +0 buckler (worn)
Jewellery
 h - an uncursed ring of protection from fire
 k - a ring of protection from magic (left hand)
 n - a ring of wizardry (right hand)
Scrolls
 i - 2 scrolls of remove curse
 j - 3 scrolls of identify
 m - a scroll of teleportation
Potions
 o - a potion of brilliance
Books
 c - a book of Battle

   Spells                             Type                      Level
   a - Infusion                       Charms                       1
   b - Shroud of Golubria             Charms/Translocation         2
   c - Song of Slaying                Charms                       2
   d - Spectral Weapon                Hexes/Charms                 3
   e - Regeneration                   Charms/Necromancy            3
Comestibles
 d - 5 bread rations
 g - 3 meat rations
 l - a chunk of flesh
 p - a royal jelly
 q - 12 fruits


   Skills:
 - Level 2.1 Fighting
 - Level 6.3 Polearms
 - Level 0.6 Armour
 - Level 2.6 Dodging
 - Level 4.6 Shields
 - Level 2.0 Spellcasting
 + Level 5.6 Charms


You had 2 spell levels left.
You knew the following spells:

 Your Spells              Type           Power        Failure   Level  Hunger
a - Infusion              Chrm           ##..         1%          1    ##.....
b - Song of Slaying       Chrm           ##......     2%          2    ###....
c - Shroud of Golubria    Chrm/Tloc      #.........   9%          2    ###....
d - Regeneration          Chrm/Necr      #.........   16%         3    ####...


Dungeon Overview and Level Annotations

Branches:
Dungeon (4/15)
 Temple: D:4-7

Altars:


Message History

Found a bread ration.
You see here a scorpion corpse.
Okay, then.
Okay, then.
Okay, then.
* * * LOW HITPOINT WARNING * * *
You feel sick.
* * * LOW HITPOINT WARNING * * *
You feel sick.
You see here a meat ration.
g - 3 meat rations (gained 1)
* * * LOW HITPOINT WARNING * * *
You feel sick.
You aren't quite hungry enough to eat that!
There is a lethal amount of poison in your body!
* * * LOW HITPOINT WARNING * * *
You feel sick.
* * * LOW HITPOINT WARNING * * *
You feel sick.
You die...

#..#....#. ...
.....#..#....#.
..####.%...#..#....##
#..........######....
#..........# #....
#..........# #....
#..........# #....
#..........#+####....
#...@# #....#.##### ...
#.†..# #....+..#... ....
#....# #....#..#...
....##+##....#
#....#..#...
.............#
#....#..#... #+#.........#
#....'..#...
+.........#####....##+##..
#......................#..
#......................#..


There were no monsters in sight!

Vanquished Creatures
  An ogre (D:4)
  2 scorpions (D:4)
  A hound (D:3)
  3 orc priests
  2 orc wizards
  Ijyb (D:3)
  6 adders
  2 oozes (D:1)
  3 worms
  2 dart slugs (D:1)
  2 leopard geckos
  10 orcs
  5 bats
  13 giant cockroaches
  7 goblins
  10 hobgoblins
  13 kobolds
  6 quokkas
  6 frilled lizards
  5 rats
100 creatures vanquished.

Notes
Turn   | Place    | Note
-------+----------+-------------------------------------------
     0 | D:1      | esteth the Merfolk Skald began the quest for the Orb.
     0 | D:1      | Reached XP level 1. HP: 16/16 MP: 3/3
    37 | D:1      | Reached skill level 4 in Polearms
    37 | D:1      | Reached XP level 2. HP: 17/22 MP: 5/5
   508 | D:1      | Reached skill level 5 in Polearms
   508 | D:1      | Reached XP level 3. HP: 24/27 MP: 6/6
   659 | D:1      | Learned a level 2 spell: Song of Slaying
   662 | D:1      | Learned a level 2 spell: Shroud of Golubria
  1307 | D:2      | Reached skill level 6 in Polearms
  1307 | D:2      | Reached XP level 4. HP: 28/33 MP: 7/7
  1699 | D:2      | Reached skill level 1 in Shields
  2316 | D:3      | Reached XP level 5. HP: 34/38 MP: 8/8
  2752 | D:3      | Reached XP level 6. HP: 29/44 MP: 9/9
  3115 | D:3      | Noticed Ijyb
  3139 | D:3      | Killed Ijyb
  3565 | D:4      | Learned a level 3 spell: Regeneration
  3861 | D:4      | Reached XP level 7. HP: 43/50 MP: 10/10
  4071 | D:4      | Reached skill level 5 in Charms
  4326 | D:4      | HP: 2/50 [poisoned by a scorpion]
  4328 | D:4      | Succumbed to a scorpion's poison

Vault maps used:
D:1:      dpeg_arrival_windows_large_door, minmay_lizard_pond
D:2:      minmay_roachtagon, first_bread
D:3:      uniq_iyjb
D:4:      kennysheep_little_box, nemelex_xobeh_ov_fountains_minmay,
          dk_vineyard_2, minmay_crystal_water

Skill      XL: |  1  2  3  4  5  6  7 |
---------------+----------------------+-----
Polearms       | 4 5 6 |  6.3
Shields        | 2 3 4 |  4.6
Charms         | 4 5 |  5.6
Fighting       | |  2.1
Armour         | |  0.6
Dodging        | |  2.6
Spellcasting   | |  2.0

Action                   |  1- 3 |  4- 6 |  7- 9 || total
-------------------------+-------+-------+-------++-------
Melee: Spear             |   160 |   273 |    52 ||   485
       Trident           |       |     4 |       ||     4
 Cast: Shroud of Golubri |       |     4 |     2 ||     6
       Infusion          |       |     3 |     2 ||     5
       Regeneration      |       |     1 |       ||     1
       Song of Slaying   |       |     1 |       ||     1
  Use: Scroll            |     4 |     7 |       ||    11
       Potion            |     3 |     7 |       ||    10
 Stab: Sleeping          |       |       |     1 ||     1
  Eat: Chunk             |     1 |     9 |     2 ||    12
Armor: Leather armour    |    16 |    39 |     6 ||    61
Dodge: Dodged            |    77 |   105 |    13 ||   195
Block: Buckler           |       |    30 |     8 ||    38
